 Dungeon Crawl Stone Soup version 0.30-b1-2-g02819fbbbe (webtiles) character file.

Game seed: 13187339520665849979

4554 Maxximus80 the Geomancer (level 10, -2/50 HPs)
             Began as a Gargoyle Earth Elementalist on Dec 20, 2023.
             Was a Believer of Ashenzari.
             Killed from afar by a steam dragon (4 damage)
             ... with a ball of steam
             ... on level 9 of the Dungeon.
             The game lasted 00:32:10 (9716 turns).

Maxximus80 the Geomancer (GrEE)                     Turns: 9716, Time: 00:32:10

Health: -2/50      AC: 15    Str: 19    XL:     10   Next: 40%
Magic:  8/17       EV: 13    Int: 21    God:    Ashenzari [**....]
Gold:   518        SH:  5    Dex: 10    Spells: 11/19 levels left

rFire   + . .        B - staff of poison of Ashenzari's Seeker (curse) {rPois, Evo, Comp} (curse)
rCold   + . .        (no shield)
rNeg    + + .        E - +2 robe {rF+}
rPois   ∞            y - +0 helmet "Restrained With Me" {Alch, Fort} (curse)
rElec   +            (no cloak)
rCorr   .            v - +2 pair of gloves "Prescient Jealousy" {Alch, Range} (curse)
SInv    +            (no boots)
Will    .....        C - amulet of Kimeen {Reflect Drain rPois rC+ Str+8 SH+5}
Stlth   ++           s - ring of positive energy
HPRegen 0.28/turn    (no ring)
MPRegen 0.15/turn

%: reflection
@: no status effects
A: sickness immunity, AC +7, negative energy resistance 1, electricity
resistance, torment resistance 1, petrification resistance
a: Renounce Religion, Shatter the Chains


You were on level 9 of the Dungeon.
You worshipped Ashenzari.
Ashenzari was pleased with you.
You visited 2 branches of the dungeon, and saw 10 of its levels.

You collected 518 gold pieces.

Inventory:

Hand Weapons
 e - a +2 whip of holy wrath
 t - a +1 quarterstaff of electrocution
 D - a +1 whip of electrocution
Missiles
 a - 2 atropa-tipped darts
 x - 50 poisoned darts
Armour
 v - the cursed +2 pair of gloves "Prescient Jealousy" (worn) {Alch, Range}
   (You found it on level 4 of the Dungeon)

   It has a curse which improves the following skills: Alchemy: Poison Magic and
   Transmutations.
   Ranged Combat: Ranged Weapons and Throwing.
 y - the cursed +0 helmet "Restrained With Me" (worn) {Alch, Fort}
   (You found it on level 5 of the Dungeon)

   It has a curse which improves the following skills: Alchemy: Poison Magic and
   Transmutations.
   Fortitude: Armour and Shields.
 E - a +2 robe of fire resistance (worn)
Magical Staves
 B - the cursed staff of poison of Ashenzari's Seeker (weapon) {rPois, Evo, Comp}
   (You found it on level 5 of the Dungeon)

   [staff of poison]

   Base accuracy: +5 Base damage: 5 Base attack delay: 1.2 This weapon's minimum
   attack delay (0.6) is reached at skill level 12.
   rPois:     It protects you from poison.
   It falls into the 'Staves' category.
   It is a one-handed weapon.
   It has a curse which improves the following skills: Evocations: Evocations.
   Companions: Summonings and Necromancy.
Jewellery
 h - an amulet of the acrobat
 s - a ring of positive energy (left hand)
 C - the amulet of Kimeen (around neck) {Reflect Drain rPois rC+ Str+8 SH+5}
   (You found it on level 6 of the Dungeon)

   [amulet of reflection]

   It reflects blocked missile attacks.
   Str:       It affects your strength (+8).
   rC:        It protects you from cold.
   rPois:     It protects you from poison.
   Drain:     It drains your maximum health when unequipped.
   SH:        It affects your SH (+5).
Wands
 f - a wand of quicksilver (4)
 l - a wand of polymorph (10)
Scrolls
 c - 2 scrolls of fear
 g - a scroll of immolation
 j - a scroll of enchant armour
 k - 5 scrolls of teleportation
 o - 2 scrolls of enchant weapon
Potions
 b - a potion of magic
 d - a potion of degeneration
 i - 4 potions of curing
 n - 4 potions of heal wounds
 p - 2 potions of attraction
 q - 3 potions of flight
 r - a potion of might
 w - 2 potions of mutation
 z - a potion of haste
Miscellaneous
 m - a tin of tremorstones (2/2)


   Skills:
 - Level 5.4 Dodging
 - Level 4.0 Stealth
 - Level 5.2 Spellcasting
 + Level 7.1 Conjurations
 + Level 3.4(5.0) Transmutations
 + Level 8.6 Earth Magic
 + Level 3.5(5.1) Poison Magic
 - Level 5.1 Invocations
 + Level 1.3(2.1) Evocations


You had 11 spell levels left.
You knew the following spells:

 Your Spells              Type           Power      Damage    Failure   Level
a - Sandblast             Erth           84%        2d18      1%          1
b - Stone Arrow           Conj/Erth      76%        3d11      1%          3
c - Petrify               Tmut/Erth      34%        N/A       6%          4

Your spell library contained the following spells:

 Spells                   Type           Power      Damage    Failure   Level
 Beastly Appendage        Tmut           52%        N/A       1%          1
 Sting                    Tmut/Pois      100%       1d8       1%          1
 Passwall                 Tmut/Erth      28%        N/A       1%          2
 Summon Small Mammal      Summ           24%        N/A       10%         1
 Slow                     Hex            20%        N/A       11%         1
 Alistair's Intoxication  Tmut/Pois      26%        N/A       36%         5
 Borgnjor's Vile Clutch   Necr/Erth      12%        N/A       43%         5
 Dispel Undead            Necr           6%         3d8       69%         4
 Eringya's Noxious Bog    Tmut/Pois      20%        N/A       90%         6
 Death Channel            Necr           3%         N/A       100%        6
 Cigotuvi's Dreadful Rot  Necr/Pois/Air  Unusable   N/A       N/A         2

Dungeon Overview and Level Annotations

Branches:
Dungeon (9/15)             Temple (1/1) D:5
   Lair: D:8-11         Orc: D:9-12

Altars:
Ashenzari
Cheibriados
Dithmenos
Elyvilon
Fedhas
Gozag
Hepliaklqana
Kikubaaqudgha
Makhleb
Nemelex Xobeh
Okawaru
Qazlal
Ru
Sif Muna
Trog
Uskayaw
Vehumet
Wu Jian
Xom
Yredelemnul
The Shining One


Innate Abilities, Weirdness & Mutations

You are immune to sickness and miasma.
Your stone body is resilient. (AC +7)
You are immune to poison.
You resist negative energy. (rN+)
You are resistant to electric shocks. (rElec)
You are resistant to unholy torment.
You are immune to petrification.


Message History

You hit the steam dragon but do no damage.
The steam dragon is heavily wounded.
The steam dragon bites you but does no damage.
You block the steam dragon's attack.
You barely miss the steam dragon.
The steam dragon is heavily wounded.
The steam dragon barely misses you. You block the steam dragon's attack.
You hit the steam dragon but do no damage.
You envenom the steam dragon.
The steam dragon is poisoned.
The steam dragon is severely wounded.
The steam dragon breathes steam at you. The ball of steam hits you. You resist.
* * * LOW HITPOINT WARNING * * *
You hit the steam dragon but do no damage.
The steam dragon is severely wounded.
The steam dragon bites you.
* * * LOW HITPOINT WARNING * * *
You block the steam dragon's attack. The steam dragon breathes steam at you.
The ball of steam hits you. You resist.
* * * LOW HITPOINT WARNING * * *
You closely miss the steam dragon.
The steam dragon is severely wounded.
You block the steam dragon's attack.
The steam dragon claws you but does no damage.
You barely miss the steam dragon.
The steam dragon is severely wounded.
The steam dragon looks more healthy.
The steam dragon bites you but does no damage.
You block the steam dragon's attack.
You hit the steam dragon but do no damage.
The steam dragon is severely wounded.
The steam dragon bites you.
* * * LOW HITPOINT WARNING * * *
The steam dragon claws you but does no damage.
You closely miss the steam dragon.
The steam dragon is severely wounded.
The steam dragon breathes steam at you. The ball of steam hits you. You resist.
You die...

#..# #..# ,
######..#
#..##### *
#.......#
#......#
#.......#
#......#,
,*
######..#
#..#####
#..# #..# *
#..# #..# ,
, ######..#
#..# * ,
#.......#
#.@##### ,
#.......#
#.†D...##+
######..#
#.........
, #..#
#.........*
#..#
#.........
* ######..#
#.........
#.......#
#.........
, #.......#
#.........
######..#
#......(..


You could see a steam dragon (catching breath).

Vanquished Creatures
  A wraith (D:8)
  9 yaks
  A steam dragon (D:8)
  Menkaure (D:5)
  3 orc warriors
  2 ice beasts
  A centaur (D:8)
  A phantom (D:5)
  4 kobold brigands
  2 bullfrogs
  3 scorpions
  4 wights (D:7)
  6 killer bees (D:7)
  4 howler monkeys
  A jelly (D:8)
  3 hounds
  2 gnoll boudas (D:6)
  3 orc priests
  A sleepcap (D:6)
  5 iguanas
  9 orc wizards
  9 gnolls
  12 adders
  2 ufetubi (D:6)
  A worm (D:2)
  4 dart slugs
  14 orcs
  4 endoplasms
  A giant cockroach (D:2)
  4 goblins
  3 hobgoblins
  4 jackals (D:1)
  10 quokkas
  10 ball pythons
  9 bats
  4 frilled lizards
  23 kobolds
  6 rats
186 creatures vanquished.

Vanquished Creatures (others)
  A hornet (D:9)
  2 plants (D:9)
3 creatures vanquished.

Grand Total: 189 creatures vanquished

Notes
Turn   | Place    | Note
-------+----------+-------------------------------------------
     0 | D:1      | Maxximus80 the Gargoyle Earth Elementalist began the quest
                  | for the Orb.
     0 | D:1      | Reached XP level 1. HP: 10/10 MP: 3/3
    87 | D:1      | Reached XP level 2. HP: 13/15 MP: 0/5
   311 | D:1      | Reached skill level 1 in Conjurations
   385 | D:1      | Reached XP level 3. HP: 19/19 MP: 3/6
   560 | D:1      | Reached skill level 4 in Earth Magic
   628 | D:1      | Got A Beginning Course on Theurgy
  1116 | D:2      | Reached XP level 4. HP: 24/24 MP: 0/7
  2183 | D:3      | Learned a level 3 spell: Stone Arrow
  2453 | D:4      | Reached XP level 5. HP: 28/28 MP: 6/8
  2593 | D:4      | Found a white marble altar of Elyvilon.
  3323 | D:5      | Entered Level 5 of the Dungeon
  3584 | D:5      | Noticed a phantom
  3598 | D:5      | Killed a phantom
  3599 | D:5      | Reached XP level 6. HP: 32/32 MP: 4/10
  3602 | D:5      | Reached skill level 5 in Earth Magic
  3767 | D:5      | Noticed Menkaure
  3771 | D:5      | Killed Menkaure
  3772 | D:5      | Reached XP level 7. HP: 34/36 MP: 8/12
  4382 | D:5      | Found a staircase to the Ecumenical Temple.
  4393 | Temple   | Entered the Ecumenical Temple
  4411 | Temple   | Became a worshipper of Ashenzari the Shackled
  4812 | D:6      | Identified the amulet of Kimeen {Reflect Drain rPois rC+
                  | Str+8 SH+5}
  4817 | D:6      | Reached skill level 1 in Invocations
  4925 | D:6      | Reached XP level 8. HP: 41/41 MP: 11/14
  4940 | D:6      | Reached skill level 6 in Earth Magic
  5190 | D:6      | Identified the +1 dagger of Heof {spect, rCorr}
  5609 | D:6      | Found a shimmering blue altar of Sif Muna.
  5626 | D:6      | Got Sif Muna's Excursus on Convocation
  5646 | D:6      | Found an ancient bone altar of Kikubaaqudgha.
  5655 | D:6      | Found a radiant altar of Vehumet.
  6320 | D:7      | Reached skill level 5 in Conjurations
  6604 | D:7      | Reached XP level 9. HP: 45/45 MP: 14/16
  6964 | D:7      | Reached skill level 5 in Invocations
  6965 | D:7      | Reached skill level 7 in Earth Magic
  6979 | D:7      | Reached * piety under Ashenzari
  6989 | D:7      | Learned a level 4 spell: Petrify
  7057 | D:7      | Reached skill level 5 in Spellcasting
  7057 | D:7      | Reached skill level 1 in Transmutations
  8051 | D:8      | Reached skill level 1 in Poison Magic
  8334 | D:8      | Reached skill level 5 in Dodging
  8525 | D:8      | Reached skill level 8 in Earth Magic
  8527 | D:8      | Reached XP level 10. HP: 38/50 MP: 8/17
  8840 | D:8      | Found a bloodstained altar of Trog.
  8841 | D:8      | Found a sacrificial altar of Ru.
  8877 | D:8      | Found a blossoming altar of Fedhas.
  8881 | D:8      | Found a hide-covered altar of Uskayaw.
  8881 | D:8      | Found a basalt altar of Yredelemnul.
  8885 | D:8      | Found a hazy altar of Hepliaklqana.
  8888 | D:8      | Found a shimmering altar of Xom.
  9201 | D:9      | Reached ** piety under Ashenzari
  9250 | D:9      | Reached skill level 1 in Evocations
  9603 | D:9      | Found an opulent altar of Gozag.
  9715 | D:9      | HP: 2/50 [steam dragon (4)]
  9716 | D:9      | Killed from afar by a steam dragon

Illustrated notes

Levels and vault maps discovered:
D:1:      lemuel_arrival_rhombus, layout_basic, kennysheep_small_spiral,
          minmay_tromino_v4_a
D:2:      layout_rooms
D:3:      layout_basic, ebering_dispersal_statue_hall
D:4:      layout_loops_ring, elyvilon_altar_5, corexii_leaking_fountain
D:5:      layout_basic, minmay_temple_entry_trees, uniq_menkaure
D:6:      layout_basic, palyth_temple_overflow_mages
D:7:      layout_layer_cave, minmay_misc_feat_columns
D:8:      layout_basic, nicolae_overflow_hallway_of_the_gods
D:9:      kennysheep_blocky_hall, layout_small_grid, grunt_gozag_breadcrumbs,
          erik_lair_orcish_takeover, hiddenorc2_lemuel, grunt_ministairs_5
Temple:   nicolae_temple_cloud_nine

Skill      XL: |  1  2  3  4  5  6  7  8  9 10 |
---------------+-------------------------------+-----
Conjurations   | 1 2 3 4 5 6 7 |  7.1
Earth Magic    | 4 5 6 8 |  8.6
Dodging        | 2 3 4 5 |  5.4
Stealth        | 3 4 |  4.0
Spellcasting   | 3 4 5 |  5.2
Invocations    | 1 4 5 |  5.1
Transmutations | 2 3 |  3.4
Poison Magic   | 2 3 |  3.5
Evocations     | 1 |  1.3

Action                     |  1- 3 |  4- 6 |  7- 9 | 10-12 || total
---------------------------+-------+-------+-------+-------++-------
  Melee: Unarmed           |    11 |       |       |       ||    11
         Short sword       |     5 |     2 |       |       ||     7
         Long sword        |       |     4 |    22 |       ||    26
         Quarterstaff      |       |       |    26 |     9 ||    35
         Staff             |       |       |       |    36 ||    36
         Punch             |       |       |       |     1 ||     1
   Cast: Sandblast         |    45 |    68 |   195 |    32 ||   340
         Stone Arrow       |       |       |     4 |     4 ||     8
 Invoke: Curse Item        |       |       |     2 |     1 ||     3
    Use: Potion            |       |     1 |     1 |     1 ||     3
         Scroll            |       |       |    14 |     1 ||    15
 Armour: Robe              |    22 |    12 |    77 |    62 ||   173
         Leather armour    |       |       |     5 |       ||     5
  Dodge: Dodged            |    36 |    26 |   133 |    73 ||   268
  Block: Other             |       |       |    41 |    24 ||    65
         Reflection        |       |       |     4 |       ||     4
